 Dungeon Crawl Stone Soup version 0.14-a0-717-gc32513d (webtiles) character file.

858 Malachi the Covered (level 7, -5/48 HPs)
             Began as a Formicid Fighter on Nov 7, 2013.
             Slain by an orc warrior
             ... wielding a +0,+1 orcish war axe
              (17 damage)
             ... on Level 6 of the Dungeon.
             The game lasted 00:11:55 (5016 turns).

Malachi the Covered (Formicid Fighter)              Turns: 5016, Time: 00:11:56

HP  -5/48        AC 10     Str 23      XL: 7   Next: 77%
MP   6/6         EV  7     Int  7      God:
Gold 228         SH  0     Dex  2 (10) Spells:  0 memorised,  6 levels left

Res.Fire  : x . .   See Invis. : .   B - +0 giant spiked club
Res.Cold  : + . .   Warding    : .   x - +0 chain mail
Life Prot.: . . .   Conserve   : .   (no shield)
Res.Poison: x       Res.Corr.  : .   (no helmet)
Res.Elec. : .       Clarity    : .   (no cloak)
Sust.Abil.: . .     Spirit.Shd : .   (no gloves)
Res.Mut.  : .       Stasis     : +   (no boots)
Res.Rott. : .       Flight     : .   (no amulet)
Saprovore : . . .                    (no ring)
                                     k - ring of ice

@: slightly resistant to hostile enchantments, extremely unstealthy
A: permanent stasis, dig shafts and tunnels, four strong arms, poison weakness,
retractable antennae, antennae 1, exoskeleton 1
a: Dig, Shaft Self


You were on level 6 of the Dungeon.
You were very hungry.

You visited 1 branch of the dungeon, and saw 6 of its levels.

You collected 228 gold pieces.

Inventory:

Hand weapons
 a - a +0,+0 hand axe
 B - a +0,+0 giant spiked club (weapon)
 J - a +0,+0 orcish war axe
Missiles
 u - 7 javelins (quivered)
 K - a throwing net
Armour
 b - a +0 scale mail
 c - a +0 shield
 x - a +0 chain mail (worn)
Magical devices
 w - a wand of slowing (9)
 D - a wand of flame (11)
Comestibles
 f - 3 bread rations
 g - a rambutan
 q - a slice of pizza
 A - a choko
 C - a rotting chunk of hound flesh
 E - a beef jerky
 F - a meat ration
 G - a rotting chunk of orc flesh
Scrolls
 e - 5 scrolls of remove curse
 h - 2 scrolls of random uselessness {unknown}
 j - a scroll of fog {unknown}
 l - a scroll of curse weapon {unknown}
 m - 2 scrolls of amnesia {unknown}
 n - 2 scrolls of teleportation {unknown}
 o - 2 scrolls of enchant weapon I {unknown}
 p - 4 scrolls of identify
 s - 2 scrolls of enchant armour {unknown}
 y - a scroll of blinking {unknown}
 P - 3 scrolls of noise {unknown}
Jewellery
 k - a ring of ice (left hand)
Potions
 d - 2 potions of curing
 i - 2 potions of speed
 r - a potion of cure mutation
 t - a potion of degeneration {unknown}
 v - a potion of poison {unknown}
 H - a potion of flight {unknown}
 I - a potion of invisibility {unknown}
 L - a potion of might {unknown}


   Skills:
 + Level 4.0 Fighting
 - Level 4.2 Axes
 * Level 2.4 Maces & Flails
 + Level 5.4 Armour
 + Level 2.9 Dodging
   Level 4.4 Shields
 - Level 0.5 Evocations


You had 6 spell levels left.
You didn't know any spells.

Dungeon Overview and Level Annotations

Branches:
Dungeon (6/27)                Orc (0/4) D:6
 Temple: D:4-7

Altars:
Ashenzari
Cheibriados
Elyvilon
Nemelex Xobeh
Vehumet
Zin

Annotations:
D:5 Eustachio


Innate Abilities, Weirdness & Mutations

Your are under a permanent stasis effect.
You can dig through walls and to a lower floor.
Your four strong arms can wield any weapon, most with a shield.
You are susceptible to poison.
The antennae on your head can retract.
You have a pair of small antennae on your head.
Your body is surrounded by an exoskeleton. (HP +5, AC +1)


Message History

The orc hits you but does no damage. The orc hits you.
The orc hits you from afar with an orcish trident.
* * * LOW HITPOINT WARNING * * *
The orc hits you but does no damage.
A goblin comes into view.
The orc hits you but does no damage.
Found 19 gold pieces.
The giant newt hisses menacingly.
You see here 19 gold pieces.
Use which ability? (? or * to list) Are you sure you want to shaft yourself?
It is not instant. [Y]es or [N]o only, please.
Are you sure you want to shaft yourself?
It is not instant.
You are feeling very hungry.
The orc hits you with an orcish club.
* * * LOW HITPOINT WARNING * * *
You begin to dig a shaft.
You continue digging a shaft.
The orc hits you but does no damage.
The orc warrior hits you with an orcish war axe!
You die...

# ###### ###### ..
.... ....# ....
.... ....#
.....##..# #...#
........g# #...#
.$$...$..# #@..#
........$.# #oo.#
....>.....# #l..#
..........# #o..#
..$...oo.# #o..#
.........# #...#
##...##..#####o..#
#......ooo...g..#
#...............#


You could see an orc warrior, 4 orcs, a goblin and a giant newt.

Vanquished Creatures
  An ogre (D:4)
  Blork the orc (D:4)
  3 hounds (D:4)
  5 orc wizards
  A worker ant (D:4)
  Jessica (D:2)
  Terence (D:2)
  8 adders
  A giant mite (D:2)
  2 worms (D:3)
  A giant eyeball (D:4)
  4 giant geckos
  17 orcs
  4 ball pythons
  2 giant cockroaches
  7 goblins
  11 hobgoblins
  2 quokkas (D:3)
  15 bats
  4 giant newts
  9 jackals
  3 kobolds
  2 kobold skeletons
  5 rats
110 creatures vanquished.

Vanquished Creatures (others)
  An orc (D:3)
1 creature vanquished.

Grand Total: 111 creatures vanquished

Notes
Turn   | Place    | Note
--------------------------------------------------------------
     0 | D:1      | Malachi, the Formicid Fighter, began the quest for the Orb.
     0 | D:1      | Reached XP level 1. HP: 19/19 MP: 0/0
   155 | D:1      | Reached XP level 2. HP: 18/24 MP: 1/1
   599 | D:1      | Reached XP level 3. HP: 29/29 MP: 2/2
   745 | D:1      | You fall through a shaft!
   752 | D:2      | Noticed Jessica
   762 | D:2      | Killed Jessica
   768 | D:2      | Reached skill level 4 in Armour
   802 | D:2      | Noticed Terence
   825 | D:2      | Killed Terence
   825 | D:2      | Reached skill level 1 in Dodging
   825 | D:2      | Reached XP level 4. HP: 10/33 MP: 3/3
  1145 | D:2      | Found a radiant altar of Vehumet.
  1461 | D:2      | Reached XP level 5. HP: 33/38 MP: 4/4
  2241 | D:3      | Found a snail-covered altar of Cheibriados.
  2441 | D:3      | Reached XP level 6. HP: 40/43 MP: 5/5
  3573 | D:4      | Found a white marble altar of Elyvilon.
  3718 | D:4      | Found a sparkling altar of Nemelex Xobeh.
  3762 | D:4      | Reached XP level 7. HP: 23/48 MP: 6/6
  3940 | D:4      | Found a shattered altar of Ashenzari.
  3956 | D:4      | Reached skill level 5 in Armour
  4098 | D:4      | Noticed Blork the orc
  4123 | D:4      | Killed Blork the orc
  4589 | D:4      | Found a glowing silver altar of Zin.
  4611 | D:4      | Reached skill level 1 in Maces & Flails
  4931 | D:5      | Entered Level 5 of the Dungeon
  4941 | D:5      | Noticed Eustachio
  4996 | D:5      | You fall through a shaft!
  4996 | D:6      | Found a staircase to the Orcish Mines.
  5016 | D:6      | Slain by an orc warrior

Action                   |  1- 3 |  4- 6 |  7- 9 || total
-------------------------+-------+-------+-------++-------
Melee: Hand axe          |   120 |   324 |       ||   444
       Giant spiked club |       |       |   128 ||   128
       War axe           |       |       |     3 ||     3
 Abil: Dig               |     2 |       |     4 ||     6
       Shaft Self        |     1 |       |     2 ||     3
Evoke: Wand              |       |     5 |       ||     5
  Use: Potion            |       |     4 |     3 ||     7
       Scroll            |       |     2 |       ||     2
